 Dungeon Crawl Stone Soup version 0.32-a0-909-gc671339a80 (webtiles) character file.

Game seed: 7949127753952422644

36 Autsider the Changeling (level 3, -2/17 HPs)
             Began as a Spriggan Shapeshifter on Apr 6, 2024.
             Slain by a gnoll
             ... wielding a +0 flail
              (11 damage)
             ... on level 2 of the Dungeon.
             The game lasted 00:04:31 (972 turns).

Autsider the Changeling (Spriggan Shapeshifter)      Turns: 972, Time: 00:04:31

Health: -2/17      AC:  2    Str: 16    XL:     3   Next: 19%
Magic:  4/4        EV: 17    Int:  8    God:
Gold:   43         SH:  0    Dex: 16    Spells: 2/2 levels left

rFire   + . .        h - +1 dagger (venom)
rCold   + + +        (no shield)
rNeg    . . .        a - +0 animal skin
rPois   .            (helmet currently unavailable)
rElec   .            (cloak currently unavailable)
rCorr   .            (gloves unavailable)
SInv    +            (boots unavailable)
Will    +....        (no amulet)
Stlth   ++           k - ring of Hedonism {rF+ rC+++ Will+ Str+6 Int-3}
HPRegen 0.22/turn    (no ring)
MPRegen 0.09/turn

%: no passive effects
@: beast-form, very quick
A: beast (slay +2), very small, no large weapons, unfitting armour, see
invisible, speed 3
a: Begin Untransformation


You were on level 2 of the Dungeon.
You were a hulking beast.
You visited 1 branch of the dungeon, and saw 2 of its levels.

You collected 43 gold pieces.

Inventory:

Hand Weapons
 h - a +1 dagger of venom (weapon)
Missiles
 l - 12 stones (quivered)
Armour
 a - a +0 animal skin (worn)
Jewellery
 k - the ring of Hedonism (left hand) {rF+ rC+++ Will+ Str+6 Int-3}
   (You found it on level 2 of the Dungeon)

   [ring of willpower]

   Str+6:     It affects your strength (+6).
   Int-3:     It affects your intelligence (-3).
   rF+:       It protects you from fire.
   rC+++:     It renders you almost immune to cold.
   Will+:     It increases your willpower.
Talismans
 c - a beast talisman (active)
 d - a flux talisman
Scrolls
 i - a scroll of teleportation {unknown}
Potions
 b - a potion of lignification
 e - a potion of haste {unknown}
 f - a potion of mutation {unknown}
 g - 2 potions of degeneration {unknown}


   Skills:
 - Level 0.7 Fighting
 + Level 1.0 Short Blades
 + Level 3.8 Dodging
 + Level 2.9 Stealth
 - Level 2.4 Unarmed Combat
 - Level 4.0 Shapeshifting


You had 2 spell levels left.
You didn't know any spells.
Your spell library was empty.

Dungeon Overview and Level Annotations

Branches:
Dungeon (2/15)

Altars:


Innate Abilities, Weirdness & Mutations

You are a hulking beast.
Your limbs bulge with bestial killing power. (Slay +2)
You are very small and have problems with some larger weapons.
You are too small for most types of armour.
You have supernaturally acute eyesight. (SInv)
You cover ground extremely quickly. (Speed+++)


Message History

The poisoned dart barely misses the gnoll.
The gnoll attacks as it pursues you! The gnoll barely misses you.
The gnoll looks more healthy.
Unknown command.
Throw: 15 stones
Press: ? - help, Q - select action Shift-Dir - straight line, f/p - gnoll
Aim: a gnoll, wielding a +0 spear (severely wounded, 61% to hit)
You throw a stone. The stone hits the gnoll.
The gnoll is severely wounded.
Throw: 14 stones
Press: ? - help, Q - select action Shift-Dir - straight line, f/p - gnoll
Aim: a gnoll, wielding a +0 spear (severely wounded, 61% to hit)
You throw a stone. The stone barely misses the gnoll.
Throw: 13 stones
Press: ? - help, Q - select action Shift-Dir - straight line, f/p - gnoll
Aim: a gnoll, wielding a +0 spear (severely wounded, 61% to hit)
You throw a stone. The stone hits the gnoll.
You kill the gnoll!
Your Short Blades skill increases to level 1!
You have reached level 3!
Your experience leads to an increase in your attributes!
Increase (S)trength, (I)ntelligence, or (D)exterity?
You feel agile. x2
A gnoll is nearby!
You drop a +0 dagger.
You feel stronger.
You feel stupid.
k - the ring of Hedonism (left hand) {rF+ rC+++ Will+ Str+6 Int-3} You hit the gnoll.
The gnoll is lightly wounded.
The gnoll misses you.
You closely miss the gnoll.
The gnoll is lightly wounded.
The gnoll hits you with a +0 flail!
* * * LOW HITPOINT WARNING * * *
You hit the gnoll.
The gnoll is heavily wounded.
The gnoll hits you with a +0 flail!
Ouch! That really hurt!
You die...

#.#...#.##
#<##..#.###########
#.##....##........#
#.###.####.######.# #.#
#.#..#.# #.# #.#
#)#..#.# #.# ###
#.#..#.# #.# #g#<.#.#
#.# #h#....######.#
#.#...........#
#.###...#######
#...#.#.# #...#.#.#
#...#.#.# ##
######...#.#.###....
###........#........# #
#.........####)###..#..


You could see a gnoll.

Vanquished Creatures
  A gnoll (D:2)
  An adder (D:2)
  A dart slug (D:1)
  A giant cockroach (D:1)
  3 goblins
  3 ball pythons (D:1)
  5 frilled lizards (D:1)
  2 kobolds (D:1)
17 creatures vanquished.

Notes
Turn   | Place    | Note
-------+----------+-------------------------------------------
     0 | D:1      | Autsider the Spriggan Shapeshifter began the quest for the
                  | Orb.
     0 | D:1      | Reached XP level 1. HP: 9/9 MP: 2/2
   161 | D:1      | Reached skill level 1 in Stealth
   314 | D:1      | Reached XP level 2. HP: 14/14 MP: 3/3
   710 | D:2      | Identified the ring of Hedonism {rF+ rC+++ Will+ Str+6
                  | Int-3}
   962 | D:2      | Reached skill level 1 in Short Blades
   962 | D:2      | Reached XP level 3. HP: 15/17 MP: 4/4
   972 | D:2      | Slain by a gnoll

Illustrated notes

Levels and vault maps discovered:
D:1:      shiori_arrival_oz, layout_basic, corexii_leaking_fountain,
          hangedman_decor_slide_cut, patterned_corridor
D:2:      layout_basic, minmay_misc_feat_hallway, minmay_split_cup_small

Skill      XL: |  1  2 |
---------------+-------+-----
Dodging        | 3 |  3.8
Stealth        | 1 2 |  2.9
Short Blades   | 1 |  1.0
Fighting       | |  0.7
Unarmed Combat | |  2.4
Shapeshifting  | |  4.0

Action                     || total
---------------------------++-------
  Melee: Unarmed           ||    31
         Dagger            ||    11
  Throw: Stone             ||     7
         Dart              ||     3
   Stab: Sleeping          ||     2
 Armour: Animal skin       ||    13
  Dodge: Dodged            ||    29

Table legend: (Time is in decaauts)
 A = Elapsed time spent in this place.
 B = Non-inter-level travel time spent in this place.
 C = Inter-level travel time spent in this place.
 D = Time resting spent in this place.
 E = Time spent auto-exploring this place.
 F = Levels seen in this place.
 G = Mean time per level.
                   A        B        C        D        E       F      G
               +--------+--------+--------+--------+--------+-----+--------+
         Total |    658 |    612 |     46 |     53 |    376 |   2 |  329.0 |
       Dungeon |    658 |    612 |     46 |     53 |    376 |   2 |  329.0 |
               +--------+--------+--------+--------+--------+-----+--------+

Top non-repeatable levels by time:
     D:1: 497 daAuts
     D:2: 160 daAuts
